 Seeded DCSS version 0.30.0-18-gc0e69614cb (webtiles) character file.

Game seed: 6351066067085065685 (custom seed)

20 Esekla the Sneak (level 2, -2/21 HPs)
             Began as an Octopode Delver on May 24, 2023.
             Slain by a scorpion (6 damage)
             ... on level 5 of the Dungeon.
             The game lasted 00:01:34 (251 turns).

Esekla the Sneak (Octopode Delver)                   Turns: 251, Time: 00:01:34

Health: -2/21      AC:  1    Str: 11    XL:     2   Next: 79%
Magic:  2/2        EV: 13    Int: 12    God:
Gold:   61         SH:  0    Dex: 13    Spells: 1/1 levels left

rFire   . . .        a - +0 falchion
rCold   . . .        (no shield)
rNeg    . . .        (helmet restricted)
rPois   .            i - amulet of magic regeneration
rElec   .            (no ring)
rCorr   .            (no ring)
SInv    .            (no ring)
Will    .....        (no ring)
Stlth   ++++         (no ring)
HPRegen 0.23/turn    (no ring)
MPRegen 0.48/turn    (no ring)
                     (no ring)

%: no passive effects
@: lethally poisoned (-2 -> -6)
A: almost no armour, amphibious, 8 rings, camouflage 1, gelatinous body 1,
(nimble swimmer 1), tentacles
a: no special abilities


You were on level 5 of the Dungeon.
You visited 1 branch of the dungeon, and saw 1 of its levels.

You collected 61 gold pieces.

Inventory:

Hand Weapons
 a - a +0 falchion (weapon)
Jewellery
 i - an amulet of magic regeneration (around mantle)
Wands
 f - a wand of digging (3)
 g - a wand of flame (15)
Scrolls
 b - a scroll of fog
 c - 2 scrolls of magic mapping
 d - 2 scrolls of fear
Potions
 e - a potion of haste
 h - a potion of brilliance {unknown}
 j - a potion of lignification {unknown}


   Skills:
 * Level 3.1 Fighting
 * Level 2.1 Long Blades
 * Level 2.2 Dodging
 + Level 7.0 Stealth
 * Level 0.4 Spellcasting


You had one spell level left.
You didn't know any spells.
Your spell library contained the following spells:

 Spells                   Type           Power      Damage    Failure   Level
 Spider Form              Tmut/Pois      0%         N/A       67%         3
 Cause Fear               Hex            0%         N/A       97%         4
 Summon Mana Viper        Hex/Summ       0%         N/A       100%        5


Dungeon Overview and Level Annotations

Branches:
Dungeon (5/15)
 Temple: D:4-7

Altars:
Dithmenos


Innate Abilities, Weirdness & Mutations

You cannot wear most types of armour.
You are amphibious.
You can wear up to eight rings at the same time.
Your skin changes colour to match your surroundings (Stealth+).
Your rubbery body absorbs attacks. (AC +1, EV +1)
((You are camouflaged when in or above water. (Stealth+)))
You have tentacles for arms and can constrict up to eight enemies at once.


Message History

Found a scroll of magic mapping.
Found a stone staircase leading up.
c - 2 scrolls of magic mapping (gained 1)
Found the Parchment of the Lumpy Olives.
There is a stone staircase leading up here.
You pick up the Parchment of the Lumpy Olives and begin reading...
You add the spells Spider Form, Cause Fear and Summon Mana Viper to your library.
There is a stone staircase leading up here.
A scorpion comes into view.
There is a stone staircase leading up here.
You hit the scorpion but do no damage. Your grab misses the scorpion.
You squeeze the scorpion.
The scorpion is moderately wounded.
The scorpion closely misses you.
You barely miss the scorpion. Your grab misses the scorpion.
The scorpion is moderately wounded.
The scorpion barely misses you.
You hit the scorpion but do no damage. Your grab misses the scorpion.
The scorpion is moderately wounded.
The scorpion barely misses you.
The scorpion stings you but does no damage.
You closely miss the scorpion. Your grab misses the scorpion.
The scorpion is moderately wounded.
The scorpion stings you.
You are poisoned.
The scorpion poisons you!
You hit the scorpion but do no damage. Your grab misses the scorpion.
The scorpion is moderately wounded.
You feel very sick. The scorpion closely misses you.
The scorpion barely misses you.
You hit the scorpion. You grab the scorpion.
The scorpion is moderately wounded.
You constrict the scorpion, but do no damage.
You feel sick. The scorpion barely misses you.
You hit the scorpion.
The scorpion is heavily wounded.
You constrict the scorpion, but do no damage.
You feel sick. The scorpion stings you!
* * * LOW HITPOINT WARNING * * *
The scorpion stings you.
You die...

#.........#
#.###.###... #####..#
#.# #..#
#......###'###..#
#.###....'_###..# #.#
#..###'###..####
#.###..# #.# #.#....
#......###.###..###.
###@#...........# #.
#s#####.#.#.#.# #. #.#
#.#.....# #. #.#
#.#####.# ##
##.#####.#####.#
#.######..............#
..........#####.#######
#.........# #.#
.########## #.#


You could see a scorpion.

Vanquished Creatures
  2 adders (D:5)
  An orc (D:5)
3 creatures vanquished.

Notes
Turn   | Place    | Note
-------+----------+-------------------------------------------
     0 | D:5      | Esekla the Octopode Delver began the quest for the Orb.
     0 | D:5      | Reached XP level 1. HP: 16/16 MP: 1/1
    67 | D:5      | Noticed a sleepcap
    81 | D:5      | Noticed an iguana
   120 | D:5      | Reached XP level 2. HP: 21/21 MP: 2/2
   124 | D:5      | Found a shadowy altar of Dithmenos.
   202 | D:5      | Reached skill level 7 in Stealth
   229 | D:5      | Got the Parchment of the Lumpy Olives
   237 | D:5      | Noticed a scorpion
   251 | D:5      | Slain by a scorpion

Illustrated notes

Levels and vault maps discovered:
D:5:      layout_loops_ring, lemuel_doored_altar, minmay_misc_feat_rows,
          dreamdust_wishing_well

Skill      XL: |  1  2 |
---------------+-------+-----
Stealth        | 7 |  7.0
Fighting       | |  3.1
Long Blades    | |  2.1
Dodging        | |  2.2
Spellcasting   | |  0.4

Action                     || total
---------------------------++-------
  Melee: Falchion          ||    12
         Constrict         ||     3
         Tentacles         ||     2
   Stab: Sleeping          ||     2
 Armour: Skin              ||     1
  Dodge: Dodged            ||     8
